 Dungeon Crawl Stone Soup version 0.18-a0-1655-ge2d8d33 (webtiles) character file.

1736 Herrn the Ducker (level 9, 0/68 HPs)
             Began as a Formicid Fire Elementalist on Mar 31, 2016.
             Was a Believer of Okawaru.
             Slain by a slave (3 damage)
             ... led by Pikel
             ... on level 8 of the Dungeon.
             The game lasted 01:34:26 (7852 turns).

Herrn the Ducker (Formicid Fire Elementalist)       Turns: 7852, Time: 01:34:27

Health: 0/68       AC:  3    Str: 18    XL:     9   Next: 26%
Magic:  2/13       EV: 14    Int: 18    God:    Okawaru [**....]
Gold:   53         SH:  0    Dex: 11    Spells: 2 memorised, 9 levels left

rFire  . . .     SeeInvis +     o - +0 hand axe
rCold  . . .     Gourm    .     a - +0 robe
rNeg   . . .     Faith    .     (no shield)
rPois  .         Spirit   .     (helmet unavailable)
rElec  .         Dismiss  .     (no cloak)
rCorr  .         Reflect  .     w - +0 pair of gloves
SustAt .         Harm     .     (no boots)
MR     +....                    (no amulet)
Stlth  ++........               t - ring of wizardry
                                D - ring of protection from magic

@: mighty, somewhat resistant to hostile enchantments, unstealthy
A: permanent stasis, dig shafts and tunnels, four strong arms, antennae 3,
evolution 1, MP-powered wands
a: Dig, Shaft Self, Heroism, Renounce Religion


You were on level 8 of the Dungeon.
You worshipped Okawaru.
Okawaru was pleased with you.
You were not hungry.

You visited 2 branches of the dungeon, and saw 9 of its levels.

You collected 338 gold pieces.
You spent 285 gold pieces at shops.

Inventory:

Hand Weapons
 e - a +0 whip
 o - a +0 hand axe (weapon)
 u - a +0 morningstar
 I - a +0 great mace
Armour
 a - a +0 robe (worn)
 w - a +0 pair of gloves (worn)
 G - the +7 chain mail of Fortification {rCorr SInv}
   (You found it on level 5 of the Dungeon)

   It lets you see invisible.
   It protects you from acid and corrosion.
 J - the +1 scale mail "Cavuhov" {Regen+ Dex+4}
   (You bought it in a shop on level 6 of the Dungeon)

   It affects your dexterity (+4).
   It increases your rate of regeneration.
Jewellery
 s - a +1 ring of evasion
 t - a ring of wizardry (right hand)
 D - a ring of protection from magic (left hand)
Wands
 n - a wand of lightning (8/15)
 v - a wand of flame (27/48)
 y - a wand of digging (7/24)
 z - a wand of enslavement (9/24)
 L - a wand of random effects (29/48)
 M - a wand of flame (32/48)
Scrolls
 h - a scroll of blinking {unknown}
 k - 2 scrolls of teleportation
 l - 4 scrolls of remove curse
 p - 2 scrolls of identify
 q - 2 scrolls of noise {unknown}
 r - 2 scrolls of enchant armour {unknown}
 C - 2 scrolls of magic mapping
 E - 2 scrolls of recharging {unknown}
 H - a scroll of amnesia {unknown}
 K - a scroll of fear {unknown}
 N - a scroll of vulnerability {unknown}
Potions
 d - 2 potions of curing
 f - a potion of degeneration
 j - 4 potions of brilliance
 x - a potion of cancellation
Books
 b - a book of Flames

   Spells                             Type                      Level
   a - Flame Tongue                   Conjuration/Fire             1
   b - Throw Flame                    Conjuration/Fire             2
   c - Conjure Flame                  Conjuration/Fire             3
   d - Inner Flame                    Hexes/Fire                   3
   e - Sticky Flame                   Conjuration/Fire             4
   f - Fireball                       Conjuration/Fire             5
Comestibles
 c - 3 bread rations
 i - 3 slices of pizza
 A - 2 meat rations
 B - 4 fruits
 F - a beef jerky


   Skills:
 * Level 5.0 Fighting
 * Level 4.2 Axes
 + Level 5.4 Dodging
 - Level 2.4 Stealth
 - Level 3.0 Spellcasting
 + Level 4.8 Conjurations
 - Level 5.1 Fire Magic


You had 9 spell levels left.
You knew the following spells:

 Your Spells              Type           Power        Failure   Level  Hunger
a - Flame Tongue          Conj/Fire      ###..        1%          1    None
b - Sticky Flame          Conj/Fire      ###.....     10%         4    ####...


Dungeon Overview and Level Annotations

Branches:
Dungeon (8/15)             Temple (1/1) D:5
   Lair: D:8-11

Altars:
Ashenzari
Cheibriados
Dithmenos
Elyvilon
Fedhas
Gozag
Kikubaaqudgha
Makhleb
Nemelex Xobeh
Okawaru
Pakellas
Qazlal
Ru
Sif Muna
Trog
Vehumet
Xom
Yredelemnul
Zin
The Shining One

Shops:
D:4 *   D:5 ?   D:6 [

Annotations:
D:8 Pikel


Innate Abilities, Weirdness & Mutations

You are under a permanent stasis effect.
You can dig through walls and to a lower floor.
Your four strong arms can wield two-handed weapons with a shield.
You have a pair of large antennae on your head (SInv).
You evolve.
You expend magic power (3 MP) to strengthen your wands.


Message History

You barely miss the hippogriff.
The hippogriff is severely wounded.
The hippogriff bites you.
* * * LOW HITPOINT WARNING * * *
The hippogriff closely misses you. The hippogriff completely misses you.
Unknown command.
You slash the hippogriff!
The hippogriff is almost dead.
The hippogriff misses you. The hippogriff completely misses you.
The hippogriff claws you.
* * * LOW HITPOINT WARNING * * *
Unknown command.
You hit the hippogriff.
You kill the hippogriff!
Okawaru accepts your kill.
Your Fighting skill increases to level 5!
Unknown command.
You closely miss the slave. The slave barely misses you.
You closely miss the slave. The slave hits you.
You die...

####.##.# #.# #......>.....
#.##.#
#.#######.####.#####.
#.##.#
#......[.............
#.##.#
####.#####.#########.
#.##.########.##..........(
#.##..........##.##.#######
#.##############[##.#### #
#.# ##########.##.....
####.# .......@p.....## {
.....# ยง...######.##.#
###### # #.##.# # #........
####)###. # . #


You could see a slave.

Vanquished Creatures
  A hippogriff (D:8)
  2 sky beasts
  2 slaves (D:8)
  Duvessa (D:4)
  A phantom (D:6)
  An ogre (D:5)
  A big kobold (D:7)
  A giant frog (D:7)
  A water moccasin zombie (D:7)
  Dowan (D:4)
  A scorpion (D:6)
  3 wights (D:7)
  A crimson imp (D:6)
  4 hounds
  A gnoll shaman (D:4)
  A centaur skeleton (D:6)
  2 orc wizards
  A giant frog skeleton (D:7)
  3 worker ants
  3 iguanas
  A hound skeleton (D:6)
  9 gnolls
  6 adders
  2 shadow imps (D:7)
  A white imp (D:8)
  An ooze (D:3)
  An adder zombie (D:7)
  A worm (D:6)
  2 dart slugs
  5 giant geckos
  15 orcs
  2 giant cockroaches
  11 goblins
  5 hobgoblins
  4 jackals (D:4)
  14 kobolds
  A quokka (D:7)
  A ball python (D:5)
  6 bats
  4 giant newts
  A quokka zombie (D:6)
  6 rats
131 creatures vanquished.

Vanquished Creatures (others)
  A plant (D:4)
1 creature vanquished.

Grand Total: 132 creatures vanquished

Notes
Turn   | Place    | Note
--------------------------------------------------------------
     0 | D:1      | Herrn the Formicid Fire Elementalist began the quest for the Orb.
     0 | D:1      | Reached XP level 1. HP: 13/13 MP: 3/3
   119 | D:1      | Reached skill level 1 in Conjurations
   291 | D:1      | Reached XP level 2. HP: 19/19 MP: 3/5
   792 | D:1      | Reached XP level 3. HP: 25/25 MP: 4/6
  1089 | D:2      | Found a stormy altar of Qazlal.
  1089 | D:2      | Found a radiant altar of Vehumet.
  1320 | D:2      | Reached skill level 1 in Fighting
  1633 | D:2      | Found a shadowy altar of Dithmenos.
  1659 | D:2      | Reached XP level 4. HP: 32/32 MP: 8/8
  2092 | D:3      | Learned a level 4 spell: Sticky Flame
  2272 | D:3      | Reached XP level 5. HP: 30/37 MP: 3/9
  2708 | D:4      | Reached skill level 1 in Axes
  2754 | D:4      | Found a shimmering altar of Xom.
  2754 | D:4      | Found a deep blue altar of Sif Muna.
  2912 | D:4      | Noticed Duvessa
  2912 | D:4      | Noticed Dowan
  2932 | D:4      | Killed Duvessa
  2932 | D:4      | Reached XP level 6. HP: 28/44 MP: 0/10
  3068 | D:4      | Killed Dowan
  3262 | D:4      | Found Apsifuim's General Store.
  3582 | D:4      | Found an oddly glowing altar of Pakellas.
  3747 | D:4      | Reached XP level 7. HP: 51/51 MP: 3/11
  4244 | D:4      | Found a sacrificial altar of Ru.
  4244 | D:4      | Found a sparkling altar of Nemelex Xobeh.
  4257 | D:4      | Found a blossoming altar of Fedhas.
  4406 | D:5      | Entered Level 5 of the Dungeon
  4436 | D:5      | Found Umugorys's Magic Scroll Boutique.
  4502 | D:5      | Bought a scroll of magic mapping for 42 gold pieces
  4677 | D:5      | Found a staircase to the Ecumenical Temple.
  4686 | Temple   | Entered the Ecumenical Temple
  4695 | Temple   | Became a worshipper of Warmaster Okawaru
  4766 | D:5      | Got a shimmering chain mail
  5086 | D:5      | Found an iron altar of Okawaru.
  5173 | D:6      | Found an opulent altar of Gozag.
  5376 | D:6      | Reached skill level 5 in Fire Magic
  5376 | D:6      | Reached XP level 8. HP: 49/58 MP: 1/12
  5779 | D:6      | Found Jihiavun's Antique Armour Boutique.
  5794 | D:6      | Identified the +7 chain mail of Fortification {rCorr SInv} (You found it on level 5 of the Dungeon)
  5794 | D:6      | Bought a translucent scale mail for 243 gold pieces
  5804 | D:6      | Identified the +1 scale mail "Cavuhov" {Regen+ Dex+4} (You bought it in a shop on level 6 of the Dungeon)
  6055 | D:7      | Reached * piety under Okawaru
  6507 | D:7      | Gained mutation: You evolve. [potion of beneficial mutation]
  6941 | D:7      | Reached XP level 9. HP: 62/66 MP: 6/13
  7142 | D:7      | Reached skill level 5 in Dodging
  7389 | D:7      | Gained mutation: You expend magic power (3 MP) to strengthen your wands. [evolution]
  7588 | D:8      | Noticed Pikel
  7849 | D:8      | HP: 2/67 [hippogriff (2)]
  7850 | D:8      | Reached ** piety under Okawaru
  7850 | D:8      | Reached skill level 5 in Fighting
  7852 | D:8      | Slain by a slave

Vault maps used:
D:1:      scummos_arrival_gate
D:2:      nicolae_overflow_crystal_walls, grunt_temple_overflow_open
D:3:      first_bread, serial_glass, glass_columns_c, glass_columns_a,
          grunt_ministairs_8
D:4:      overflow_temple_1_default, gammafunk_temple_overflow_elements,
          gammafunk_temple_overflow_statue, serial_shops, shop_fountains,
          fedhas_altar_1, uniq_duvessa
D:5:      minmay_temple_entry_grid, serial_shops, nicolae_shop_statue_plus,
          kennysheep_okawaru_gauntlet
D:6:      serial_shops, kennysheep_little_box, basic_altar
D:8:      serial_ice, serial_ice_g, serial_ice_j, serial_ice_n, serial_ice_e,
          serial_ice_f, serial_ice_a, uniq_pikel
Temple:   circular_temple_12

Skill      XL: |  1  2  3  4  5  6  7  8  9 |
---------------+----------------------------+-----
Conjurations   | 1 2 3 4 |  4.8
Dodging        | 2 3 4 5 |  5.4
Fighting       | 1 2 3 4 5 |  5.0
Spellcasting   | 3 |  3.0
Axes           | 1 2 3 4 |  4.2
Fire Magic     | 4 5 |  5.1
Stealth        | |  2.4

Action                   |  1- 3 |  4- 6 |  7- 9 || total
-------------------------+-------+-------+-------++-------
Melee: Hand axe          |     5 |    30 |   109 ||   144
 Cast: Flame Tongue      |    50 |    73 |   170 ||   293
       Sticky Flame      |       |     5 |    12 ||    17
 Abil: Dig               |     2 |     4 |       ||     6
  Use: Potion            |       |       |     6 ||     6
       Scroll            |       |       |     4 ||     4
  Eat: Chunk             |     3 |     7 |    16 ||    26
       Fruit             |       |       |     1 ||     1
